| TOP OF THE 1ST |
|
San Francisco (APP) Giants batting - Pitching for Billings Mustangs : RHP Matt Johnson
|
|
Pitching: RHP Matt Johnson
|
|
|
Batting: RHB Ryan Bentz
|
0-0: Ball 1-0: Called Strike 1-1: Swinging Strike 1-2: Ball 2-2: Fly out, F8 (Flyball, 8LD, EV 101.2 MPH)
|
|
Batting: SHB David Barona
|
0-0: Ball 1-0: Foul Ball, location: 2F 1-1: Foul Ball, location: 2F 1-2: Fly out, F7 (Flyball, 7LS, EV 93.1 MPH)
|
|
Batting: RHB Jason Gregor
|
0-0: Foul Ball, location: 2F 0-1: Ground out 6-3 (Groundball, 6, EV 106.2 MPH)
|
| Top of the 1st over - 0 runs, 0 hits, 0 errors, 0 left on base; San Francisco (APP) 0 - Billings 0 |
| BOTTOM OF THE 1ST |
|
Billings Mustangs batting - Pitching for San Francisco (APP) Giants : RHP Omar Rondon
|
|
Pitching: RHP Omar Rondon
|
|
|
Batting: RHB Jonathan Robies
|
0-0: Ball 1-0: Called Strike 1-1: Called Strike 1-2: Ball 2-2: SINGLE (Line Drive, 5D, EV 97.5 MPH)
|
|
Batting: LHB Matthew Berry
|
0-0: Ball 1-0: Ball 2-0: Ball 3-0: Called Strike 3-1: Called Strike 3-2: Base on Balls Jonathan Robies to second
|
|
Batting: LHB David Moore
|
0-0: Called Strike 0-1: Foul Ball, location: 2F 0-2: Fly out, F6 (Line Drive, 6, EV 73.8 MPH)
|
|
Batting: RHB Hector Maldonado
|
0-0: Called Strike 0-1: Foul Ball, location: 2F 0-2: Ball 1-2: Ball 2-2: Ball 3-2: Foul Ball, location: 2F 3-2: Foul Ball, location: 2F 3-2: DOUBLE (Flyball, 8RXD, EV 100.0 MPH) Jonathan Robies scores Matthew Berry to third Runner from 3rd tries for Home, SAFE, throw by CF to home
|
|
Batting: RHB Jay Jacobson
|
0-0: Called Strike 0-1: Ground out 6-3 (Groundball, 6, EV 100.0 MPH)
|
|
Batting: LHB Jon Goddard
|
0-0: Called Strike 0-1: Ball 1-1: SINGLE (Groundball, 34D, EV 96.9 MPH) Hector Maldonado to third Runner from 3rd tries for Home, SAFE, throw by RF to home Jon Goddard to second
|
|
Batting: RHB Jon Monteith
|
0-0: Foul Ball, location: 2F 0-1: Foul Ball, location: 2F 0-2: Ball 1-2: Strikes out swinging
|
| Bottom of the 1st over - 3 runs, 3 hits, 0 errors, 1 left on base; San Francisco (APP) 0 - Billings 3 |
| TOP OF THE 2ND |
|
San Francisco (APP) Giants batting - Pitching for Billings Mustangs : RHP Matt Johnson
|
|
Batting: LHB Jared Paige
|
0-0: Called Strike 0-1: Ball 1-1: Swinging Strike 1-2: Ball 2-2: Foul Ball, location: 2F 2-2: Foul Ball, location: 2F 2-2: Strikes out looking
|
|
Batting: RHB Teruhide Horiuchi
|
0-0: Swinging Strike 0-1: Swinging Strike 0-2: Strikes out swinging
|
|
Batting: RHB Edwin Verdugo
|
0-0: Called Strike 0-1: Called Strike 0-2: Ball 1-2: Foul Ball, location: 2F 1-2: Strikes out swinging
|
| Top of the 2nd over - 0 runs, 0 hits, 0 errors, 0 left on base; San Francisco (APP) 0 - Billings 3 |
| BOTTOM OF THE 2ND |
|
Billings Mustangs batting - Pitching for San Francisco (APP) Giants : RHP Omar Rondon
|
|
Batting: RHB Mark Ortner
|
0-0: Foul Ball, location: 2F 0-1: Ball 1-1: Ball 2-1: SINGLE (Groundball, 34D, EV 106.9 MPH)
|
|
Batting: RHB Yutaka Sato
|
0-0: Called Strike 0-1: Foul Ball, location: 2F 0-2: Ball 1-2: SINGLE (Flyball, 8LM, EV 90.6 MPH) Mark Ortner to second
|
|
Batting: RHB Jonathan Robies
|
0-0: Foul Ball, location: 2F 0-1: Swinging Strike 0-2: Ball 1-2: Ball 2-2: Ball 3-2: Fielders Choice at 2nd, 4-6 (Groundball, 34, EV 106.2 MPH) Mark Ortner to third
|
|
Batting: LHB Matthew Berry
|
0-0: DOUBLE (Line Drive, 7LD, EV 107.5 MPH) Mark Ortner scores Jonathan Robies to third Runner from 3rd tries for Home, SAFE, no throw by LF
|
|
Batting: LHB David Moore
|
0-0: Ball 1-0: Ball 2-0: Swinging Strike 2-1: Ball 3-1: Base on Balls
|
|
Pitching: LHP Gil Longoria
|
|
|
Batting: RHB Hector Maldonado
|
0-0: Foul Ball, location: 2F 0-1: Foul Ball, location: 2F 0-2: Ball 1-2: Foul Ball, location: 2F 1-2: Ball 2-2: Ball 3-2: Base on Balls Matthew Berry to third David Moore to second
|
|
Batting: RHB Jay Jacobson
|
0-0: Ball 1-0: Called Strike 1-1: Ball 2-1: Called Strike 2-2: Strikes out swinging
|
|
Batting: LHB Jon Goddard
|
0-0: Ball 1-0: Ball Wild Pitch! Matthew Berry scores David Moore to third Hector Maldonado to second 2-0: Ball 3-0: Called Strike 3-1: Foul Ball, location: 2F 3-2: SINGLE (Groundball, 3S, EV 65.6 MPH) (infield hit) David Moore scores Hector Maldonado to third
|
|
Batting: RHB Jon Monteith
|
0-0: Foul Ball, location: 2F 0-1: Foul Ball, location: 2F 0-2: Ball 1-2: Ball 2-2: Ground out 3-1 (Groundball, 34, EV 82.5 MPH)
|
| Bottom of the 2nd over - 4 runs, 4 hits, 0 errors, 2 left on base; San Francisco (APP) 0 - Billings 7 |
| TOP OF THE 3RD |
|
San Francisco (APP) Giants batting - Pitching for Billings Mustangs : RHP Matt Johnson
|
|
Batting: RHB Ed Broomhead
|
0-0: Reached on error, E5 (Groundball, 56, EV 84.4 MPH)
|
|
Batting: RHB Dave Putnam
|
0-0: Called Strike 0-1: Fielders Choice at 2nd, 5-4 (Groundball, 5L, EV 91.2 MPH)
|
|
Batting: RHB Alexis Andrade
|
0-0: Called Strike 0-1: Ball 1-1: Foul Ball, location: 2F 1-2: Fly out, F9 (Flyball, 89D, EV 86.2 MPH)
|
|
Batting: RHB Ryan Bentz
|
0-0: Ball 1-0: SINGLE (Groundball, 15S, EV 74.4 MPH) (infield hit) Dave Putnam to second
|
|
Batting: SHB David Barona
|
0-0: Ball 1-0: Swinging Strike 1-1: Ball 2-1: Foul Ball, location: 2F 2-2: Strikes out swinging
|
| Top of the 3rd over - 0 runs, 1 hit, 1 error, 2 left on base; San Francisco (APP) 0 - Billings 7 |
| BOTTOM OF THE 3RD |
|
Billings Mustangs batting - Pitching for San Francisco (APP) Giants : LHP Gil Longoria
|
|
Batting: RHB Mark Ortner
|
0-0: Called Strike 0-1: Foul Ball, location: 2F 0-2: Ball 1-2: Strikes out looking
|
|
Batting: RHB Yutaka Sato
|
0-0: Ball 1-0: Ball 2-0: Foul Ball, location: 2F 2-1: Called Strike 2-2: Foul Ball, location: 2F 2-2: Strikes out swinging
|
|
Batting: RHB Jonathan Robies
|
0-0: Ball 1-0: Ball 2-0: Swinging Strike 2-1: Foul Ball, location: 2F 2-2: Strikes out swinging
|
| Bottom of the 3rd over - 0 runs, 0 hits, 0 errors, 0 left on base; San Francisco (APP) 0 - Billings 7 |
| TOP OF THE 4TH |
|
San Francisco (APP) Giants batting - Pitching for Billings Mustangs : RHP Matt Johnson
|
|
Batting: RHB Jason Gregor
|
0-0: SINGLE (Groundball, 4, EV 98.1 MPH)
|
|
Batting: LHB Jared Paige
|
0-0: Ball 1-0: Foul Ball, location: 2F 1-1: Called Strike 1-2: Ball Wild Pitch! Jason Gregor to second 2-2: Ball 3-2: Foul Ball, location: 2F 3-2: Base on Balls
|
|
Batting: RHB Teruhide Horiuchi
|
0-0: Reached on error, E3 (Groundball, 34, EV 76.2 MPH) Jason Gregor to third Jared Paige to second
|
|
Batting: RHB Edwin Verdugo
|
0-0: Ball 1-0: Called Strike 1-1: Foul Ball, location: 2F 1-2: Strikes out looking
|
|
Batting: RHB Ed Broomhead
|
0-0: Fielders Choice at 2nd, 6-4 (Groundball, 56, EV 100.0 MPH) Jason Gregor scores Jared Paige to third
|
|
Batting: RHB Dave Putnam
|
0-0: Called Strike 0-1: Foul Ball, location: 2F 0-2: Strikes out swinging
|
| Top of the 4th over - 1 run, 1 hit, 1 error, 2 left on base; San Francisco (APP) 1 - Billings 7 |
| BOTTOM OF THE 4TH |
|
Billings Mustangs batting - Pitching for San Francisco (APP) Giants : LHP Gil Longoria
|
|
Pitching: RHP Chance Robinson
|
|
|
Batting: LHB Matthew Berry
|
0-0: Ball 1-0: Foul Ball, location: 2F 1-1: Ball 2-1: Ball 3-1: Base on Balls
|
|
Batting: LHB David Moore
|
0-0: Ball 1-0: Swinging Strike 1-1: Ball 2-1: Foul Ball, location: 2F 2-2: Strikes out swinging
|
|
Batting: RHB Hector Maldonado
|
0-0: Ball 1-0: SINGLE (Groundball, 56S, EV 69.4 MPH) (infield hit) Matthew Berry to second
|
|
Batting: RHB Jay Jacobson
|
0-0: Ball 1-0: Fielders Choice at 2nd, 4-6 (Groundball, 4, EV 82.5 MPH) Matthew Berry to third
|
|
Batting: LHB Jon Goddard
|
0-0: Ball 1-0: Called Strike 1-1: Foul Ball, location: 2F 1-2: Foul Ball, location: 2F 1-2: Foul Ball, location: 2F 1-2: Ball 2-2: DOUBLE (Flyball, 89D, EV 112.5 MPH) Matthew Berry scores Jay Jacobson to third Runner from 3rd tries for Home, throw by RF and OUT! 9-4-2
|
| Bottom of the 4th over - 1 run, 2 hits, 0 errors, 1 left on base; San Francisco (APP) 1 - Billings 8 |
| TOP OF THE 5TH |
|
San Francisco (APP) Giants batting - Pitching for Billings Mustangs : RHP Matt Johnson
|
|
Batting: RHB Alexis Andrade
|
0-0: Called Strike 0-1: Called Strike 0-2: Ball 1-2: Ball 2-2: Ground out 6-3 (Groundball, 6MS, EV 89.4 MPH)
|
|
Batting: RHB Ryan Bentz
|
0-0: Swinging Strike 0-1: Called Strike 0-2: Fly out, F8 (Flyball, 8RD, EV 100.6 MPH)
|
|
Batting: SHB David Barona
|
0-0: Ball 1-0: Ground out 6-3 (Groundball, 4M, EV 100.6 MPH)
|
| Top of the 5th over - 0 runs, 0 hits, 0 errors, 0 left on base; San Francisco (APP) 1 - Billings 8 |
| BOTTOM OF THE 5TH |
|
Billings Mustangs batting - Pitching for San Francisco (APP) Giants : RHP Chance Robinson
|
|
Batting: RHB Jon Monteith
|
0-0: Swinging Strike 0-1: Ball 1-1: Ball 2-1: Foul Ball, location: 2F 2-2: Ball 3-2: Foul Ball, location: 2F 3-2: Strikes out swinging
|
|
Pitching: RHP Lorenzo de Jesus
|
|
|
Batting: RHB Mark Ortner
|
0-0: Ball 1-0: Called Strike 1-1: Ball 2-1: Foul Ball, location: 2F 2-2: Strikes out looking
|
|
Batting: RHB Yutaka Sato
|
0-0: Called Strike 0-1: Ground out 5-3 (Groundball, 56, EV 103.1 MPH)
|
| Bottom of the 5th over - 0 runs, 0 hits, 0 errors, 0 left on base; San Francisco (APP) 1 - Billings 8 |
| TOP OF THE 6TH |
|
San Francisco (APP) Giants batting - Pitching for Billings Mustangs : RHP Matt Johnson
|
|
Batting: RHB Jason Gregor
|
0-0: Ball 1-0: Swinging Strike 1-1: Foul Ball, location: 2F 1-2: Strikes out swinging
|
|
Batting: LHB Jared Paige
|
0-0: Ball 1-0: Called Strike 1-1: Called Strike 1-2: Strikes out swinging
|
|
Batting: RHB Teruhide Horiuchi
|
0-0: Swinging Strike 0-1: Fly out, F7 (Flyball, 7LD, EV 89.4 MPH)
|
| Top of the 6th over - 0 runs, 0 hits, 0 errors, 0 left on base; San Francisco (APP) 1 - Billings 8 |
| BOTTOM OF THE 6TH |
|
Billings Mustangs batting - Pitching for San Francisco (APP) Giants : RHP Lorenzo de Jesus
|
|
Batting: RHB Jonathan Robies
|
0-0: SINGLE (Groundball, 4, EV 112.5 MPH)
|
|
Batting: LHB Matthew Berry
|
0-0: Foul Ball, location: 2F 0-1: Ball Jonathan Robies steals 2nd base 1-1: Fly out, F8 (Flyball, 89M, EV 93.1 MPH)
|
|
Batting: LHB David Moore
|
0-0: Ball 1-0: SINGLE (Groundball, 6MD, EV 107.5 MPH) Jonathan Robies to third Runner from 3rd tries for Home, SAFE, throw by CF to home
|
|
Batting: RHB Hector Maldonado
|
0-0: Ball 1-0: Called Strike 1-1: Called Strike 1-2: Ball 2-2: Fielders Choice at 2nd, 4-6 (Groundball, 13, EV 81.9 MPH)
|
|
Batting: RHB Jay Jacobson
|
0-0: Ball 1-0: Ball Hector Maldonado steals 2nd base 2-0: Called Strike 2-1: Ball 3-1: Foul Ball, location: 2F 3-2: Ground out 6-3 (Groundball, 6, EV 86.9 MPH)
|
| Bottom of the 6th over - 1 run, 2 hits, 0 errors, 1 left on base; San Francisco (APP) 1 - Billings 9 |
| TOP OF THE 7TH |
|
San Francisco (APP) Giants batting - Pitching for Billings Mustangs : RHP Matt Johnson
|
|
Batting: RHB Edwin Verdugo
|
0-0: Fly out, F8 (Flyball, 78D, EV 86.9 MPH)
|
|
Batting: RHB Ed Broomhead
|
0-0: Ball 1-0: Ball 2-0: Swinging Strike 2-1: Ball 3-1: Called Strike 3-2: SINGLE (Groundball, 6MD, EV 96.9 MPH)
|
|
Batting: RHB Dave Putnam
|
0-0: Called Strike 0-1: Foul Ball, location: 2F 0-2: Fielders Choice at 2nd, 6-4 (Groundball, 6, EV 83.8 MPH)
|
|
Batting: RHB Alexis Andrade
|
0-0: Called Strike 0-1: Swinging Strike 0-2: Ball 1-2: Foul Ball, location: 2F 1-2: Strikes out swinging
|
| Top of the 7th over - 0 runs, 1 hit, 0 errors, 1 left on base; San Francisco (APP) 1 - Billings 9 |
| BOTTOM OF THE 7TH |
|
Billings Mustangs batting - Pitching for San Francisco (APP) Giants : RHP Lorenzo de Jesus
|
|
Batting: LHB Jon Goddard
|
0-0: Foul Ball, location: 2F 0-1: SINGLE (Line Drive, 6MD, EV 94.4 MPH)
|
|
Batting: RHB Jon Monteith
|
0-0: Foul Ball, location: 2F 0-1: Ball 1-1: Ball 2-1: Foul Ball, location: 2F 2-2: Fielders Choice at 2nd, 5-4 (Groundball, 56, EV 80.0 MPH)
|
|
Pitching: RHP Damian Molina
|
|
|
Batting: RHB Mark Ortner
|
0-0: Ball Wild Pitch! Jon Monteith to second 1-0: Ground out U3 (Groundball, 3L, EV 97.5 MPH) Jon Monteith to third
|
|
Batting: RHB Yutaka Sato
|
0-0: Ball 1-0: Ball 2-0: Ball 3-0: Called Strike 3-1: Base on Balls
|
|
Batting: RHB Jonathan Robies
|
0-0: Ball 1-0: Ball 2-0: Ball 3-0: Called Strike 3-1: Called Strike 3-2: Fly out, F9 (Flyball, 89M, EV 98.8 MPH)
|
| Bottom of the 7th over - 0 runs, 1 hit, 0 errors, 2 left on base; San Francisco (APP) 1 - Billings 9 |
| TOP OF THE 8TH |
|
San Francisco (APP) Giants batting - Pitching for Billings Mustangs : RHP Matt Johnson
|
|
Batting: RHB Ryan Bentz
|
0-0: Called Strike 0-1: Swinging Strike 0-2: Foul Ball, location: 2F 0-2: Foul Ball, location: 2F 0-2: Ball 1-2: Fly out, F8 (Flyball, 8LD, EV 86.9 MPH)
|
|
Batting: SHB David Barona
|
0-0: Foul Ball, location: 2F 0-1: Foul Ball, location: 2F 0-2: Ball 1-2: Ball 2-2: Strikes out swinging
|
|
Batting: RHB Jason Gregor
|
0-0: Foul Ball, location: 2F 0-1: SINGLE (Groundball, 34D, EV 105.0 MPH)
|
|
Pitching: RHP Vladislav Prochazka
|
|
|
Batting: LHB Jared Paige
|
0-0: Ball 1-0: Called Strike 1-1: Ball 2-1: Ball 3-1: Called Strike 3-2: 2-RUN HOME RUN (Line Drive, 78XD, EV 107.5 MPH), Distance : 427 ft
|
|
Batting: RHB Teruhide Horiuchi
|
0-0: Ball 1-0: Ground out 3-1 (Groundball, 34, EV 83.8 MPH)
|
| Top of the 8th over - 2 runs, 2 hits, 0 errors, 0 left on base; San Francisco (APP) 3 - Billings 9 |
| BOTTOM OF THE 8TH |
|
Billings Mustangs batting - Pitching for San Francisco (APP) Giants : RHP Damian Molina
|
|
Batting: LHB Matthew Berry
|
0-0: Called Strike 0-1: Ball 1-1: Ball 2-1: Foul Ball, location: 2F 2-2: Ball 3-2: Foul Ball, location: 2F 3-2: Fly out, F8 (Flyball, 8LXD, EV 103.8 MPH)
|
|
Batting: LHB David Moore
|
0-0: Ball 1-0: Foul Ball, location: 2F 1-1: Called Strike 1-2: Ball 2-2: Ball 3-2: Fly out, F7 (Flyball, 78M, EV 85.0 MPH)
|
|
Batting: RHB Hector Maldonado
|
0-0: Ball 1-0: Swinging Strike 1-1: Ground out 1-3 (Groundball, 15S, EV 65.6 MPH)
|
| Bottom of the 8th over - 0 runs, 0 hits, 0 errors, 0 left on base; San Francisco (APP) 3 - Billings 9 |
| TOP OF THE 9TH |
|
San Francisco (APP) Giants batting - Pitching for Billings Mustangs : RHP Vladislav Prochazka
|
|
Batting: RHB Edwin Verdugo
|
0-0: Ball 1-0: Called Strike 1-1: Foul Ball, location: 2F 1-2: Ball 2-2: Foul Ball, location: 2F 2-2: Foul Ball, location: 2F 2-2: Foul Ball, location: 2F 2-2: Ball 3-2: Foul Ball, location: 2F 3-2: Strikes out swinging
|
|
Pitching: RHP Jaime Kijowski
|
|
|
Batting: RHB Ed Broomhead
|
0-0: Ball 1-0: Ground out 6-3 (Groundball, 6, EV 89.4 MPH)
|
|
Batting: RHB Dave Putnam
|
0-0: Ball 1-0: DOUBLE (Line Drive, 89D, EV 100.0 MPH)
|
|
Pitching: LHP Paul Fuller
|
|
|
Batting: RHB Alexis Andrade
|
0-0: Ball 1-0: Fly out, F7 (Flyball, 7D, EV 96.9 MPH)
|
| Top of the 9th over - 0 runs, 1 hit, 0 errors, 1 left on base; San Francisco (APP) 3 - Billings 9 |
|